 Dungeon Crawl Stone Soup version 0.29.1-15-g9cfb28693d (webtiles) character file.

Game seed: 14510270683054927503

14 Eitelfritz the Sneak (level 2, -4/22 HPs)
             Began as a Demonspawn Brigand on Apr 25, 2023.
             Slain by a gnoll
             ... wielding a +0 flail
              (11 damage)
             ... on level 1 of the Dungeon.
             The game lasted 00:01:31 (826 turns).

Eitelfritz the Sneak (Demonspawn Brigand)            Turns: 826, Time: 00:01:31

Health: -4/22      AC:  3    Str: 11    XL:     2   Next: 27%
Magic:  2/2        EV: 12    Int: 12    God:
Gold:   9          SH:  4    Dex: 20    Spells: 1/1 levels left

rFire   . . .      SeeInvis .   a - +2 dagger
rCold   . . .      Faith    .   (no shield)
rNeg    . . .      Spirit   .   b - +0 robe
rPois   .          Reflect  .   (no helmet)
rElec   .          Harm     .   c - +0 cloak
rCorr   .          Rampage  .   (no gloves)
Will    .....                   (no boots)
Stlth   +++.......              (no amulet)
HPRegen 0.07/turn               l - +6 ring of dexterity
MPRegen 0.08/turn               (no ring)

@: no status effects
A: condensation shield
a: no special abilities


You were on level 1 of the Dungeon.
You visited 1 branch of the dungeon, and saw 1 of its levels.

You collected 9 gold pieces.

Inventory:

Hand Weapons
 a - a +2 dagger (weapon)
Missiles
 d - 9 poisoned darts (quivered)
 e - 3 curare-tipped darts
Armour
 b - a +0 robe (worn)
 c - a +0 cloak (worn)
Jewellery
 l - a +6 ring of dexterity (left hand)
Scrolls
 f - 2 scrolls of fog {unknown}
 h - 2 scrolls of identify {unknown}
Potions
 g - a potion of haste {unknown}
 i - a potion of curing {unknown}
 j - a potion of might {unknown}
 k - a potion of ambrosia {unknown}


   Skills:
 + Level 2.0 Fighting
 + Level 1.7 Short Blades
 + Level 1.9 Throwing
 + Level 0.8 Dodging
 + Level 4.2 Stealth


You had one spell level left.
You didn't know any spells.
Your spell library was empty.

Dungeon Overview and Level Annotations

Branches:
Dungeon (1/15)

Altars:


Innate Abilities, Weirdness & Mutations

A meltable shield of frost defends you. (SH +4)


Message History

l - a +6 ring of dexterity You feel agile.
l - a +6 ring of dexterity (left hand)
You open the door.
A ball python comes into view.
Found 7 gold pieces.
A gnoll comes into view. It is wielding a +0 flail.
You see here a book of Necromancy.
A kobold comes into view. It is wielding a +0 dagger.
The kobold shouts!
You hear a shout!
The kobold throws a stone.
The stone misses you.
You see here a book of Necromancy.
Things that are here:
a +0 whip; 3 stones You hit the ball python.
You kill the ball python!
You hit the gnoll.
The gnoll is lightly wounded.
The gnoll barely misses you.
You hit the gnoll.
The gnoll is heavily wounded.
The gnoll completely misses you.
You barely miss the gnoll.
The gnoll is heavily wounded.
The gnoll hits you with a +0 flail!
You hit the gnoll.
The gnoll is severely wounded.
The gnoll closely misses you.
Unknown command.
You hit the gnoll.
The gnoll is almost dead.
The gnoll hits you with a +0 flail.
You closely miss the gnoll.
The gnoll is almost dead.
The gnoll hits you with a +0 flail.
You hit the gnoll.
The gnoll is almost dead.
The gnoll hits you with a +0 flail!
Ouch! That really hurt!
You die...

# ###.# .. ##...# .... #....###
.....g ### ###....... ......
..######......... #.....####
####.#.#.)..#.#..#..#.
#....:###... #.#....#.#.......
..#.......#.####.#....#.####..#.
..............Kg@).....#.####....
.............####....###......###
.#.#..##.########....##########
............†.........)##########
...............................>.
$....##.....#########.########.#
............'# #.## #...
..#.###.....## #..# ###... . .
#.....# ####.####.....


You could see a gnoll and a kobold.

Vanquished Creatures
  An endoplasm (D:1)
  2 hobgoblins (D:1)
  A quokka (D:1)
  3 ball pythons (D:1)
  5 frilled lizards (D:1)
  2 kobolds (D:1)
  2 rats (D:1)
16 creatures vanquished.

Notes
Turn   | Place    | Note
-------+----------+-------------------------------------------
     0 | D:1      | Eitelfritz the Demonspawn Brigand began the quest for the
                  | Orb.
     0 | D:1      | Reached XP level 1. HP: 16/16 MP: 1/1
   360 | D:1      | Reached skill level 4 in Stealth
   364 | D:1      | Gained mutation: A meltable shield of frost defends you.
                  | (SH +4) [demonic ancestry]
   364 | D:1      | Reached XP level 2. HP: 19/22 MP: 2/2
   826 | D:1      | Slain by a gnoll

Illustrated notes

Levels and vault maps discovered:
D:1:      co_arrival_random_square_maze, layout_basic, minmay_misc_feat_chi,
          minivault_4

Skill      XL: |  1 |
---------------+----+-----
Stealth        | 4 |  4.2
Fighting       | |  2.0
Short Blades   | |  1.7
Throwing       | |  1.9
Dodging        | |  0.8

Action                   || total
-------------------------++-------
Melee: Dagger            ||    59
 Stab: Sleeping          ||     2
Armor: Robe              ||     8
Dodge: Dodged            ||    34
